 Dungeon Crawl Stone Soup version 0.31.0-9-g3a7656b989 (webtiles) character file.

Game seed: 16556619340445378063

23 qw the Shooter (level 2, -2/16 HPs)
             Began as a Deep Elf Hunter on Feb 2, 2024.
             Slain by a jackal (3 damage)
             ... on level 1 of the Dungeon.
             The game lasted 00:00:02 (744 turns).

qw the Shooter (Deep Elf Hunter)                     Turns: 744, Time: 00:00:02

Health: -2/16      AC:  3    Str:  6 (8)  XL:     2   Next: 72%
Magic:  4/4        EV: 12    Int: 10 (13) God:
Gold:   25         SH:  0    Dex: 17 (18) Spells: 1/1 levels left

rFire   . . .        a - +1 shortbow
rCold   . . .        (shield currently unavailable)
rNeg    . . .        c - +0 leather armour
rPois   .            (no helmet)
rElec   .            (no cloak)
rCorr   .            (no gloves)
SInv    .            (no boots)
Will    .....        (no amulet)
Stlth   ++           (no ring)
HPRegen 0.22/turn    (no ring)
MPRegen 0.09/turn

%: no passive effects
@: no status effects
A: no striking features
a: no special abilities


You were on level 1 of the Dungeon.
You visited 1 branch of the dungeon, and saw 2 of its levels.

You collected 25 gold pieces.


   Skills:
 - Level 1.5 Fighting
 + Level 6.4 Ranged Weapons
 - Level 2.4 Dodging
 - Level 1.2 Stealth


You had one spell level left.
You didn't know any spells.
Your spell library was empty.

Inventory:

Hand Weapons
 a - a +1 shortbow (weapon)
Armour
 c - a +0 leather armour (worn)
Potions
 e - a potion of curing

Dungeon Overview and Level Annotations

Branches:
Dungeon (2/15)

Altars:


Message History

Enter note:
Enter note:
Enter note:
Enter note:
Enter note:
734 ||| RETREEEEATING.
The jackal barely misses you. The jackal bites you. x2
The jackal closely misses you.
Enter note:
Enter note:
Enter note:
735 ||| RETREEEEATING.
You shoot an arrow. The arrow hits the jackal.
You kill the jackal!
You shoot an arrow. The arrow barely misses the jackal.
You shoot an arrow.
The arrow hits the adder but does no damage.
The jackal closely misses you. The adder barely misses you.
The jackal barely misses you.
Enter note:
Enter note:
Enter note:
739 ||| RETREEEEATING.
The adder closely misses you.
You shoot an arrow. The arrow hits the adder.
The adder is moderately wounded.
The adder closely misses you.
You shoot an arrow. The arrow hits the adder!
You kill the adder!
The jackal barely misses you. x2
You shoot an arrow. The arrow hits the jackal.
The jackal is heavily wounded.
The jackal barely misses you. x2
The jackal bites you but does no damage.
You shoot an arrow. The arrow barely misses the jackal.
The jackal closely misses you. x3; The jackal bites you. x3
You shoot an arrow. The arrow hits the jackal.
You kill the jackal!
The jackal bites you. The jackal closely misses you. The jackal bites you.
You die...

#...................#+#.......
#...........#######.#.#.......
#...........# #............
#...........######..#.#.....##
#...........#.......#+#.....##
#.............................
#..........h>.................
####..........%##%..(......######
...............h@h...............
#####.##.############..##.#######
#.#.............#..##........
#.##..#########'#..##'#......
#...................>[...##..
########....######............'..
.......'....'....+...........##..
########....######...........##..
...............# ##############..


You could see 2 jackals.

Vanquished Creatures
  An adder (D:1)
  4 ball pythons (D:1)
  A giant cockroach (D:1)
  A goblin (D:1)
  2 hobgoblins (D:1)
  2 jackals (D:1)
  2 bats (D:1)
  A frilled lizard (D:1)
  A kobold (D:1)
  A rat (D:1)
16 creatures vanquished.

Notes
Turn   | Place    | Note
-------+----------+-------------------------------------------
     0 | D:1      | qw the Deep Elf Hunter began the quest for the Orb.
     0 | D:1      | Reached XP level 1. HP: 12/12 MP: 3/3
     0 | D:1      | 0 ||| qw: Version: 0.3-a-155-g5e7d8dd
     0 | D:1      | 0 ||| qw: Game counter: 1531
     0 | D:1      | 0 ||| qw: Melee chars always use a shield: true
     0 | D:1      | 0 ||| qw: God list: Okawaru
     0 | D:1      | 0 ||| qw: Allow faded altars: false
     0 | D:1      | 0 ||| qw: Do Orc after clearing Dungeon:15 true
     0 | D:1      | 0 ||| qw: Do second Lair branch before Depths: true
     0 | D:1      | 0 ||| qw: Lair rune preference: random
     0 | D:1      | 0 ||| qw: Goals: Normal
     0 | D:1      | 0 ||| PLANNING D:1-11
   202 | D:1      | Reached XP level 2. HP: 16/16 MP: 4/4
   227 | D:1      | Reached skill level 6 in Ranged Weapons
   711 | D:1      | 711 ||| READING scroll labelled YZAUB JOUCW.
   711 | D:1      | 711 ||| ENCHANTING +0 shortbow.
   712 | D:1      | 712 ||| READING scroll labelled ULY BAEBBAFFAL.
   712 | D:1      | 712 ||| ENCHANTING +1 shortbow.
   713 | D:1      | 713 ||| READING scroll labelled QOANYC VEIMEUNAZ.
   713 | D:1      | 713 ||| IDENTIFYING silvery potion
   714 | D:1      | 714 ||| DRINKING 2 metallic coppery potions.
   715 | D:1      | 715 ||| DROPPING scroll of butterflies.
   716 | D:1      | 716 ||| DROPPING potion of degeneration.
   728 | D:2      | 728 ||| STAIRDANCE
   732 | D:2      | 732 ||| STAIRDANCE
   734 | D:1      | 734 ||| RETREEEEATING.
   735 | D:1      | 735 ||| RETREEEEATING.
   739 | D:1      | 739 ||| RETREEEEATING.
   743 | D:1      | HP: 3/16 [jackal (2)]
   744 | D:1      | HP: 1/16 [jackal (2)]
   744 | D:1      | Slain by a jackal

Levels and vault maps discovered:
D:1:      saegor_arrival_miasma, layout_basic
D:2:      layout_loops_cross, serial_park_tiny_pond, minmay_pentomino_o4

Skill      XL: |  1  2 |
---------------+-------+-----
Ranged Weapons | 6 |  6.4
Fighting       | |  1.5
Dodging        | |  2.4
Stealth        | |  1.2

Action                     || total
---------------------------++-------
   Fire: Shortbow          ||    37
    Use: Scroll            ||     3
         Potion            ||     1
 Armour: Leather armour    ||    22
  Dodge: Dodged            ||    32

Table legend:
 A = Non-vault XP
 B = Vault XP
 C = Vault XP percentage of total XP
 D = Non-vault monster count
 E = Vault monster count
 F = Vault count percentage of total count
                 A         B        C        D         E       F
            +---------+---------+-------+---------+---------+-------
      Total |      35 |       0 |   0.0 |      16 |       0 |   0.0
            +---------+---------+-------+---------+---------+-------
        D:1 |      35 |       0 |   0.0 |      16 |       0 |   0.0
            +---------+---------+-------+---------+---------+-------
